 Dungeon Crawl Stone Soup version 0.18.1-50-g88ac8fd (webtiles) character file.

140 Chiseanne the Magician (level 5, 35/35 HPs)
             Began as a Demonspawn Wizard on Oct 1, 2016.
             Quit the game on level 2 of the Dungeon.
             The game lasted 00:09:27 (2690 turns).

Chiseanne the Magician (Demonspawn Wizard)          Turns: 2690, Time: 00:09:27

Health: 35/35      AC:  4    Str:  8    XL:     5   Next: 2%
Magic:  4/11       EV: 12    Int: 20    God:
Gold:   64         SH:  0    Dex: 11    Spells: 4 memorised, 3 levels left

rFire  . . .     SeeInvis .     j - +0 short sword
rCold  . . .     Gourm    .     a - +0 robe
rNeg   . . .     Faith    .     (no shield)
rPois  .         Spirit   .     b - +0 hat
rElec  .         Dismiss  .     l - +1 cloak
rCorr  .         Reflect  .     (no gloves)
SustAt .         Harm     .     (no boots)
MR     .....                    (no amulet)
Stlth  ++........               (no ring)
                                (no ring)

@: not resistant to hostile enchantments, unstealthy
A: hooves 2, nightstalker 1, powered by death 1
a: no special abilities


You were on level 2 of the Dungeon.
You were not hungry.

You visited 1 branch of the dungeon, and saw 3 of its levels.

You collected 64 gold pieces.

Inventory:

Hand Weapons
 j - a +0 short sword (weapon)
Missiles
 i - 83 stones (quivered)
 m - 13 sling bullets
 p - 19 arrows
Armour
 a - a +0 robe (worn)
 b - a +0 hat (worn)
 l - a +1 cloak (worn)
Scrolls
 e - a scroll of magic mapping
 n - a scroll of enchant weapon {unknown}
Potions
 f - a potion of brilliance
 g - a potion of flight {unknown}
 k - a potion of ambrosia
 o - 2 potions of curing {unknown}
Books
 c - a book of Minor Magic

   Spells                             Type                      Level
   a - Magic Dart                     Conjuration                  1
   b - Blink                          Translocation                2
   c - Call Imp                       Summoning                    2
   d - Repel Missiles                 Charms/Air                   2
   e - Slow                           Hexes                        2
   f - Conjure Flame                  Conjuration/Fire             3
   g - Mephitic Cloud                 Conjuration/Poison/Air       3
Comestibles
 d - 3 bread rations
 h - 2 meat rations
 q - 4 chunks of flesh


   Skills:
 - Level 1.7 Dodging
 - Level 1.7 Stealth
 * Level 4.3 Spellcasting
 * Level 3.4 Conjurations
   Level 1.0 Summonings
 - Level 0.8 Translocations


You had 3 spell levels left.
You knew the following spells:

 Your Spells              Type           Power        Failure   Level  Hunger
a - Magic Dart            Conj           ###.         2%          1    None
b - Blink                 Tloc           N/A          17%         2    #......
c - Conjure Flame         Conj/Fire      ##......     21%         3    ###....
d - Mephitic Cloud        Conj/Pois/Air  #.......     24%         3    ###....


Dungeon Overview and Level Annotations

Branches:
Dungeon (3/15)

Altars:


Innate Abilities, Weirdness & Mutations

You have hoof-like feet.
You are slightly more attuned to the shadows.
You regenerate a little health from kills.


Message History

The gnoll is severely wounded.
Casting: Magic Dart
Confirm with . or Enter, or press ? or * to list all spells.
Aiming: Magic Dart
Press: ? - help, Shift-Dir - straight line, f/p - gnoll
Aim: a gnoll, wielding a spear (severely wounded)
The magic dart hits the gnoll.
The gnoll is almost dead.
The gnoll closely misses you.
Casting: Magic Dart
Confirm with . or Enter, or press ? or * to list all spells.
Aiming: Magic Dart
Press: ? - help, Shift-Dir - straight line, f/p - gnoll
Aim: a gnoll, wielding a spear (almost dead)
The magic dart hits the gnoll.
You kill the gnoll!
You have reached level 5!
Your demonic ancestry asserts itself...
You slip into the darkness of the dungeon.
Are you sure you want to abandon this character and quit the game? (Confirm with "yes".)

#...................
..###...####..######...#
......................<#
.#####.##############..
#....................
#.#...##############. #
#...#...).<#.......
...#.#.)........#.#####.
.......@.#..........# #.
.##......######.#.#.# #.
#..)............#.# #.
#....#.#####.#..#.# #.
#...............#.# ##
##.###.#####.#..#.# ...
#.#..[......)# ....
#.#.###......# ##
#.#.###..#).##


There were no monsters in sight!

Vanquished Creatures
  7 gnolls
  2 adders (D:2)
  An ooze (D:1)
  A worm (D:2)
  A dart slug (D:1)
  2 giant geckos (D:1)
  2 giant cockroaches
  7 goblins
  6 hobgoblins
  5 bats
  3 giant newts
  7 kobolds
  6 rats
50 creatures vanquished.

Notes
Turn   | Place    | Note
--------------------------------------------------------------
     0 | D:1      | Chiseanne the Demonspawn Wizard began the quest for the Orb.
     0 | D:1      | Reached XP level 1. HP: 13/13 MP: 4/4
   161 | D:1      | Gained mutation: You have large cloven feet. [demonic ancestry]
   161 | D:1      | Reached XP level 2. HP: 19/19 MP: 0/6
   966 | D:1      | Gained mutation: You regenerate a little health from kills. [demonic ancestry]
   966 | D:1      | Reached XP level 3. HP: 24/24 MP: 4/7
  1443 | D:1      | Learned a level 2 spell: Blink
  1447 | D:1      | Learned a level 3 spell: Conjure Flame
  1451 | D:1      | Learned a level 3 spell: Mephitic Cloud
  1929 | D:2      | Gained mutation: You have hoof-like feet. [demonic ancestry]
  1929 | D:2      | Reached XP level 4. HP: 30/30 MP: 2/9
  2208 | D:2      | Reached skill level 4 in Spellcasting
  2689 | D:2      | Gained mutation: You are slightly more attuned to the shadows. [demonic ancestry]
  2689 | D:2      | Reached XP level 5. HP: 35/35 MP: 4/11
  2690 | D:2      | Quit the game

Skill      XL: |  1  2  3  4 |
---------------+-------------+-----
Conjurations   | 2 3 |  3.4
Spellcasting   | 4 |  4.3
Dodging        | |  1.7
Stealth        | |  1.7
Summonings     | |  1.0
Translocations | |  0.8

Action                   |  1- 3 |  4- 6 || total
-------------------------+-------+-------++-------
Melee: Dagger            |     9 |       ||     9
       Kick              |     2 |     1 ||     3
       Short sword       |     6 |     3 ||     9
 Cast: Magic Dart        |    94 |    43 ||   137
       Mephitic Cloud    |     4 |     4 ||     8
       Blink             |     2 |     1 ||     3
  Use: Scroll            |     7 |       ||     7
 Stab: Confused          |     1 |       ||     1
  Eat: Chunk             |     3 |     3 ||     6
Armor: Robe              |    10 |     1 ||    11
Dodge: Dodged            |    20 |     7 ||    27
